 Seeded DCSS version 0.28-a0-823-gb444dcf96d (webtiles) character file.

Game seed: 5494768922653061978 (custom seed)

24 croobank the Sneak (level 2, -5/11 HPs)
             Began as a Felid Enchanter on Nov 9, 2021.
             Slain by Terence (8 damage)
             ... on level 2 of the Dungeon.
             The game lasted 00:10:34 (2073 turns).

croobank the Sneak (Felid Enchanter)                Turns: 2073, Time: 00:10:35

Health: -5/11      AC:  1    Str:  4    XL:     2   Next: 79%
Magic:  6/6        EV: 17    Int: 16    God:
Gold:   38         SH:  0    Dex: 16    Spells: 3/5 levels left
                                        Lives:  0   Deaths: 0

rFire   . . .      SeeInvis +     - Unarmed
rCold   . . .      Faith    .   (shield unavailable)
rNeg    . . .      Spirit   .   (armour unavailable)
rPois   .          Reflect  .   (helmet unavailable)
rElec   .          Harm     .   (cloak unavailable)
rCorr   .          Rampage  .   (gloves unavailable)
Will    .....                   (boots unavailable)
Stlth   +++.......              (no amulet)
HPRegen 0.03/turn               (no ring)
MPRegen 0.10/turn               (no ring)

@: quick
A: very small, claws 1, fangs 3, see invisible, speed 1, shaggy fur 1, stealthy
paws, no weapons or thrown items, no armour, multi-lived
a: no special abilities


You were on level 2 of the Dungeon.
You visited 1 branch of the dungeon, and saw 2 of its levels.

You collected 38 gold pieces.

Inventory:

Missiles
 b - 57 stones
 d - 5 curare-tipped darts
 g - 24 poisoned darts
Potions
 a - a potion of invisibility
 e - 2 potions of heal wounds {unknown}
 f - a potion of curing {unknown}


   Skills:
 + Level 2.8 Dodging
 + Level 4.9 Stealth
 + Level 1.4 Unarmed Combat
 + Level 2.0 Spellcasting
 + Level 4.8 Hexes


You had 3 spell levels left.
You knew the following spells:

 Your Spells              Type           Power      Damage    Failure   Level
a - Ensorcelled Hibernat  Hex/Ice        18%        N/A       12%         2

Your spell library contained the following spells:

 Spells                   Type           Power      Damage    Failure   Level
 Confusing Touch          Hex            17%        N/A       9%          3
 Tukima's Dance           Hex            17%        N/A       9%          3
 Dazzling Flash           Conj/Hex       18%        N/A       22%         3
 Call Canine Familiar     Summ           1%         N/A       52%         3
 Leda's Liquefaction      Hex/Erth       4%         N/A       58%         4
 Portal Projectile        Hex/Tloc       Unusable   N/A       N/A         3

Dungeon Overview and Level Annotations

Branches:
Dungeon (2/15)

Altars:

Annotations:
D:2 Terence


Innate Abilities, Weirdness & Mutations

You have sharp claws.
You have razor-sharp teeth.
You have supernaturally acute eyesight. (SInv)
You cover ground quickly. (Speed+)
You are covered in fur. (AC +1)
Your paws help you pounce on unaware monsters.
You are incapable of wielding weapons or throwing items.
You cannot wear armour.
You gain extra lives every three experience levels.


Message History

e - 2 amethyst potions (gained 1)
There are no items here.
The hobgoblin closely misses you.
You scratch the hobgoblin.
The hobgoblin is heavily wounded.
The hobgoblin misses you.
You scratch the hobgoblin but do no damage.
Your bite misses the hobgoblin.
The hobgoblin is heavily wounded.
The hobgoblin closely misses you.
You scratch the hobgoblin but do no damage.
The hobgoblin is heavily wounded.
The hobgoblin hits you.
You scratch the hobgoblin.
You kill the hobgoblin!
You catch the helpless kobold completely off-guard!
You claw the kobold!
You kill the kobold!
There is an escape hatch in the ceiling here.
A mysterious force pulls you upwards. The hatch slams shut behind you.
You start resting.
HP restored.
There is an escape hatch in the floor here.
You can't go up here!
You slide downwards.
The hatch slams shut behind you.
Level annotation: Terence
As you read the scroll labelled WYWEAKH KISE, it crumbles to dust.
Wisps of shadow whirl around you...
It was a scroll of summoning.
You scratch Terence but do no damage. You claw Terence.
Terence is lightly wounded.
Terence asks, "Do you want it fast or slow?"
Terence hits you with a +0 short sword. Terence hits you with a +0 short sword.
* * * LOW HITPOINT WARNING * * *
Your goblin hits Terence with a +2 dagger of venom.
Terence is poisoned.
Terence looks more healthy.
Terence hits you with a +0 short sword!
Ouch! That really hurt!
You die...

#################
................#############
#####.###.#####.##..........##
##.##..(<.......###........
##............@.## #.####.##
#.......#####@#.####.#
###........gw..........#
#.......>.#####.....#..#
#.#.#.##..# #.#.#.#..#
....#.##w######.#.#.#..#
....#g##.#........#.#..####
...##...........###.#.....# #
#.....##.#.###### #.##.##.#.#


You could see Terence.

Vanquished Creatures
  5 endoplasms
  2 goblins (D:1)
  4 hobgoblins
  A quokka (D:2)
  3 ball pythons (D:1)
  A bat (D:2)
  2 frilled lizards (D:1)
  2 kobolds
  2 rats (D:1)
22 creatures vanquished.

Notes
Turn   | Place    | Note
-------+----------+-------------------------------------------
     0 | D:1      | croobank the Felid Enchanter began the quest for the Orb.
     0 | D:1      | Reached XP level 1. HP: 7/7 MP: 4/4
    72 | D:1      | Found a faded altar of an unknown god.
   386 | D:1      | Reached XP level 2. HP: 8/11 MP: 6/6
  1278 | D:2      | Learned a level 2 spell: Ensorcelled Hibernation
  1554 | D:2      | Noticed Terence
  2073 | D:2      | Slain by Terence

Illustrated notes

Levels and vault maps discovered:
D:1:      kennysheep_arrival_seaside, layout_basic, basic_ecumenical_altar
D:2:      layout_loops_ring, bh_walls_and_bars, uniq_terence, uniq_natasha

Action                   || total
-------------------------++-------
Melee: Unarmed           ||    48
       Bite              ||     6
       Punch             ||     2
  Use: Scroll            ||     4
 Stab: Sleeping          ||     5
       Distracted        ||     2
Dodge: Dodged            ||    27

Table legend: (Time is in decaauts)
 A = Elapsed time spent in this place.
 B = Non-inter-level travel time spent in this place.
 C = Inter-level travel time spent in this place.
 D = Time resting spent in this place.
 E = Time spent auto-exploring this place.
 F = Levels seen in this place.
 G = Mean time per level.
                   A        B        C        D        E       F      G
               +--------+--------+--------+--------+--------+-----+--------+
         Total |   1858 |   1810 |     48 |    758 |    639 |   2 |  929.0 |
       Dungeon |   1858 |   1810 |     48 |    758 |    639 |   2 |  929.0 |
               +--------+--------+--------+--------+--------+-----+--------+

Top non-repeatable levels by time:
     D:1: 1450 daAuts
     D:2: 407 daAuts
